 Dungeon Crawl Stone Soup version 0.29-a0-284-gf9362112df (webtiles) character file.

Game seed: 3087165890592862240

68 spaghetti the Ducker (level 4, 0/35 HPs)
             Began as a Demonspawn Berserker on Mar 21, 2022.
             Was a Follower of Trog.
             Slain by a white imp (4 damage)
             ... summoned by Natasha
             ... on level 2 of the Dungeon.
             The game lasted 00:02:44 (1433 turns).

spaghetti the Ducker (Demonspawn Berserker)         Turns: 1433, Time: 00:02:44

Health: 0/35       AC:  4    Str: 17    XL:     4   Next: 1%
Magic:  4/4        EV: 14    Int: 11    God:    Trog [*.....]
Gold:   3          SH:  0    Dex: 20    Spells: 3/3 levels left

rFire   . . .      SeeInvis .   a - +0 falchion {long}
rCold   . . .      Faith    .   (no shield)
rNeg    . . .      Spirit   .   b - +0 animal skin
rPois   .          Reflect  .   d - +0 helmet
rElec   .          Harm     .   (no cloak)
rCorr   .          Rampage  .   c - +0 pair of gloves
Will    .....                   (no boots)
Stlth   ++........              (no amulet)
HPRegen 0.11/turn               f - +6 ring of dexterity
MPRegen 0.09/turn               (no ring)

@: on berserk cooldown, slowed, very slow
A: powered by death 2, big brain 1
a: Renounce Religion, Berserk


You were on level 2 of the Dungeon.
You worshipped Trog.
Trog was aware of your devotion.
You visited 1 branch of the dungeon, and saw 2 of its levels.

You collected 3 gold pieces.


Innate Abilities, Weirdness & Mutations

You regenerate health from kills.
You have an unusually large brain. (Int +2)


   Skills:
 - Level 3.0 Fighting
 - Level 2.6 Long Blades
 - Level 1.7 Armour
 * Level 3.9 Dodging


You had 3 spell levels left.
You didn't know any spells.
Your spell library contained the following spells:

 Spells                   Type           Power      Damage    Failure   Level
 Static Discharge         Conj/Air       0%         N/A       47%         2
 Dispel Undead            Necr           0%         3d6       98%         4
 Sticky Flame             Conj/Fire      0%         2d3       98%         4

Inventory:

Hand Weapons
 a - a +0 falchion (weapon) {long}
Missiles
 g - 22 stones (quivered) {throwing}
Armour
 b - a +0 animal skin (worn)
 c - a +0 pair of gloves (worn)
   (You found it on level 1 of the Dungeon)
 d - a +0 helmet (worn)
   (You took it off Robin on level 2 of the Dungeon)
Jewellery
 f - a +6 ring of dexterity (left hand)
   (You found it on level 1 of the Dungeon)
Scrolls
 h - a scroll of immolation {unknown}

Dungeon Overview and Level Annotations

Branches:
Dungeon (2/15)

Altars:

Annotations:
D:2 Natasha

#.# #>. $.# #.# ##.##
...# ########..# ##
#..†.h....######..
+..5@##....h.....####
#..5.##.#.#####..#...
......###......##......<
...... #..#.#.##..#.#..
...... #..#.#.##..#..._
##+## ....#.#.##..#.<).
.###.#.#.##..#.))# .
###.#...#.##.[.
#.###.#..###.


You could see Natasha, a crimson imp (summoned) and a white imp (summoned).


Message History

* * * LOW HITPOINT WARNING * * *
Natasha claws you.
* * * LOW HITPOINT WARNING * * *
😨 HP[-7]
You take 7 damage, and now have 12/43 hp.
You hit Natasha. Natasha closely misses you.
You closely miss Natasha. You punch Natasha.
You kill Natasha!
Trog accepts your kill.
Trog appreciates your killing of a magic user.
Natasha growls in agony!
You have reached level 4!
You feel clever.
Your demonic ancestry asserts itself...
The wave of death grows in power. 😨 HP[+3] MP[+1]
You now have 52 max hp (+9).
You regained 3 hp, and now have 15/52 hp.
Your mp is fully restored (4).
You start resting.
You feel a strong urge to attack something.
You are no longer berserk.
You are exhausted.
You feel as though you will be slow longer.
Natasha, Servant of Life and Death comes into view. 😨 HP[-5]
You now have 35 max hp (-17).
Unknown command.
Unknown command.
Natasha is nearby! 😨 HP[+1] Natasha is nearby!
Unknown command.
You start resting.
Natasha is nearby!
You aren't carrying any items that you can evoke.
It was a potion of heal wounds.
You feel much better. Natasha casts a spell at you.
You feel as though you will be slow longer. 😕 HP[+17]
You regained 17 hp, and now have 28/35 hp.
Natasha barely misses you.
Natasha howls an incantation.
Natasha shimmers violently.
Natasha closely misses you.
You hit Natasha but do no damage. Natasha completely misses you.
Natasha stares at you and mumbles some strange words.
The magic dart hits you. 😮 HP[-3]
You take 3 damage, and now have 25/35 hp.
You barely miss Natasha. Natasha claws you.
You hit Natasha but do no damage.
Natasha stares at you and mumbles some strange words.
You resist with some effort. Natasha misses you. 😮 HP[-5]
You take 5 damage, and now have 20/35 hp.
Unknown command.
You hit Natasha. Natasha barely misses you. Natasha closely misses you.
You barely miss Natasha. Natasha claws you.
Natasha completely misses you. 😮 HP[-1]
You take 1 damage, and now have 19/35 hp.
You closely miss Natasha. Natasha claws you.
* * * LOW HITPOINT WARNING * * *
Natasha closely misses you. 😨 HP[-6]
You take 6 damage, and now have 13/35 hp.
You hit Natasha but do no damage. Natasha closely misses you. 😨 HP[+1]
You barely miss Natasha. Natasha claws you but does no damage.
Natasha barely misses you.
You hit Natasha. Natasha barely misses you.
Natasha casts a spell.
You hit Natasha.
Natasha casts a spell.
The crimson imp misses you. Natasha closely misses you.
Unknown command.
You closely miss Natasha. The crimson imp misses you.
Natasha barely misses you. The white imp gestures at you.
The puff of frost misses you.
The crimson imp blinks!
You hit Natasha. Natasha claws you.
* * * LOW HITPOINT WARNING * * *
The white imp hits you.
* * * LOW HITPOINT WARNING * * *
The white imp freezes you.
* * * LOW HITPOINT WARNING * * *
Natasha misses you. The white imp gestures at you.
The puff of frost misses you. 😱 HP[-9]
You take 9 damage, and now have 5/35 hp.
MASSIVE DAMAGE!! (PAUSE)
Okay, then.
You aren't carrying any potions.
Okay, then.
You aren't carrying any items that you can evoke.
You completely miss Natasha. Natasha closely misses you.
The white imp hits you.
* * * LOW HITPOINT WARNING * * *
The white imp freezes you.
You die...

Skill      XL: |  1  2 |
---------------+-------+-----
Dodging        | 2 3 |  3.9
Fighting       | |  3.0
Long Blades    | |  2.6
Armour         | |  1.7

Action                   |  1- 3 |  4- 6 || total
-------------------------+-------+-------++-------
Melee: Falchion          |    79 |    13 ||    92
       Punch             |     2 |       ||     2
Throw: Stone             |     3 |       ||     3
Invok: Berserk           |     4 |       ||     4
  Use: Scroll            |     3 |       ||     3
       Potion            |     1 |     1 ||     2
Armor: Animal skin       |    17 |     1 ||    18
Dodge: Dodged            |    83 |    19 ||   102

Levels and vault maps discovered:
D:1:      onia_arrival_mini_spirals, layout_rooms
D:2:      layout_basic, nicolae_ecumenical_pavilion, uniq_robin, uniq_natasha

Notes
Turn   | Place    | Note
-------+----------+-------------------------------------------
     0 | D:1      | spaghetti the Demonspawn Berserker began the quest for the
                  | Orb.
     0 | D:1      | Reached XP level 1. HP: 18/18 MP: 1/1
     0 | D:1      | magus.rc [v1.9.6]
    39 | D:1      | You pick up a book of Touch {forbidden} and begin
                  | reading...
    39 | D:1      | You add the spells Static Discharge, Sticky Flame and
                  | Dispel Undead to your library.
   106 | D:1      | Reached skill level 2 in Dodging
   473 | D:1      | Gained mutation: You regenerate a little health from kills.
                  | [demonic ancestry]
   473 | D:1      | Reached XP level 2. HP: 16/24 MP: 2/2
   907 | D:2      | Found a faded altar of an unknown god.
   936 | D:2      | Noticed Robin
   943 | D:2      | Reached skill level 3 in Dodging
   950 | D:2      | HP: 3/24 [goblin/+0 club[Robin] (6)]
  1223 | D:2      | Killed Robin
  1224 | D:2      | Gained mutation: You have an unusually large brain. (Int
                  | +2) [demonic ancestry]
  1224 | D:2      | Reached XP level 3. HP: 29/29 MP: 3/3
  1400 | D:2      | Noticed Natasha
  1411 | D:2      | Killed Natasha
  1412 | D:2      | Gained mutation: You regenerate health from kills. [demonic
                  | ancestry]
  1412 | D:2      | Reached XP level 4. HP: 15/35 MP: 4/4
  1415 | D:2      | Noticed Natasha
  1432 | D:2      | HP: 5/35 [white imp[Natasha] (5)]
  1433 | D:2      | Slain by a white imp

Vanquished Creatures
  Natasha (D:2)
  Robin (D:2)
  A dart slug (D:1)
  An endoplasm (D:1)
  2 giant cockroaches (D:1)
  9 goblins
  5 hobgoblins
  A quokka (D:1)
  A ball python (D:1)
  2 bats (D:1)
  A frilled lizard (D:2)
  3 kobolds (D:1)
  3 rats (D:1)
31 creatures vanquished.

Table legend:
 A = Non-vault XP
 B = Vault XP
 C = Vault XP percentage of total XP
 D = Non-vault monster count
 E = Vault monster count
 F = Vault count percentage of total count
                 A         B        C        D         E       F
            +---------+---------+-------+---------+---------+-------
      Total |      26 |      72 |  73.5 |      17 |      14 |  45.2
            +---------+---------+-------+---------+---------+-------
        D:1 |      25 |       2 |   7.4 |      16 |       1 |   5.9
        D:2 |       1 |      70 |  98.6 |       1 |      13 |  92.9
            +---------+---------+-------+---------+---------+-------

Illustrated notes

Table legend:
 A = Kills in this place as a percentage of kills in entire the game.
 B = Kills by you in this place as a percentage of kills by you in the entire game.
 C = Kills by friends in this place as a percentage of kills by friends in the entire game.
 D = Other kills in this place as a percentage of other kills in the entire game.
 E = Experience gained in this place as a percentage of experience gained in the entire game.
 F = Experience gained in this place divided by the number of levels of this place that you have seen.
                   A       B       C       D       E      F
               +-------+-------+-------+-------+-------+----------------------
         Total | 100.0 | 100.0 |   N/A |   N/A | 100.0 |  49.0
       Dungeon | 100.0 | 100.0 |   N/A |   N/A | 100.0 |  49.0
               +-------+-------+-------+-------+-------+----------------------

Table legend: (Time is in decaauts)
 A = Elapsed time spent in this place.
 B = Non-inter-level travel time spent in this place.
 C = Inter-level travel time spent in this place.
 D = Time resting spent in this place.
 E = Time spent auto-exploring this place.
 F = Levels seen in this place.
 G = Mean time per level.
                   A        B        C        D        E       F      G
               +--------+--------+--------+--------+--------+-----+--------+
         Total |   1488 |   1445 |     43 |    627 |    529 |   2 |  744.0 |
       Dungeon |   1488 |   1445 |     43 |    627 |    529 |   2 |  744.0 |
               +--------+--------+--------+--------+--------+-----+--------+

Top non-repeatable levels by time:
     D:1: 1289 daAuts
     D:2: 199 daAuts
